 Dungeon Crawl Stone Soup version 0.30.1-4-g462c640d31 (webtiles) character file.

Game seed: 12446827465526198100

1242342 HagarQim the Conqueror (level 27, -1/39 (273) HPs)
             Began as a Minotaur Fighter on Sept 13, 2023.
             Was the Champion of Qazlal.
             Killed from afar by a Hell Sentinel (30 damage)
             ... with damnation
             ... in the Vestibule of Hell on Sept 18, 2023.
             The game lasted 09:35:53 (105396 turns).

HagarQim the Conqueror (Minotaur Fighter)         Turns: 105396, Time: 09:35:54

HP:   -1/39 (273)   AC: 46    Str: 34 (47) XL:     27
MP:   0/30          EV: 15    Int:  0 (8)  God:    Qazlal [******]
Gold: 11135         SH: 32    Dex:  9 (14) Spells: 26/26 levels left

rFire   + + .        U - +9 eveningstar (protect)
rCold   + + +        V - +1 tower shield {rC+}
rNeg    + + +        M - +2 crystal plate armour
rPois   +            p - -2 hat of the Alchemist {rElec rPois rF+ rC+ rN+ Will+ rMut rCorr}
rElec   +            H - +2 cloak {rC+}
rCorr   +            h - +2 pair of gloves
SInv    +            w - +2 pair of boots {Fly}
Will    ++++.        F - amulet "Ikaojiav" {Spirit Will+ Regen+ Dex+4 Stlth+} Stlth
                     r - ring "Foceoss Rufa" {Fire Drain rN+ Str+6 Int+3}
HPRegen 1.06/turn    T - ring "Nackeohu" {rC+ rN+ MP-9 Str+6 SInv}
MPRegen 0.22/turn

%: repel missiles, resist mutation, guardian spirit
@: protected from physical damage, flying, slowed, lost intelligence, studying 8
skills, extremely drained, unable to read, very slow
A: horns 2, retaliatory headbutt
}: 13/15 runes: decaying, serpentine, slimy, silver, obsidian, icy, bone,
abyssal, demonic, glowing, magical, fiery, dark
a: Renounce Religion, Upheaval, Elemental Force, Disaster Area


You were in the Vestibule of Hell.
You worshipped Qazlal.
Qazlal was exalted by your worship.
You visited 15 branches of the dungeon, and saw 81 of its levels.
You visited Pandemonium 1 time, and saw 19 of its levels.
You visited the Abyss 3 times.
You also visited: Trove, Bailey, Ice Cave, Volcano, Wizlab and Desolation.

You collected 13625 gold pieces.
You spent 2490 gold pieces at shops.

Inventory:

Hand Weapons
 q - a +9 sacred scourge of holy wrath
 u - a +2 antimagic demon whip
 v - the +8 frozen axe "Frostbite" {freeze, freezing cloud, *Noise Fly rC+}
   (You found it in the Desolation of Salt)

   rC:        It protects you from cold.
   Fly:       It grants you flight.
   *Noise:    It may make noises in combat.
 D - a +5 eudemon blade of holy wrath
 G - the +8 autumn katana {manifold assault}
   (You found it on level 7 of Gehenna)
 N - the +6 sword of Cerebov {flame}
   (You took it off Cerebov in Pandemonium)
 O - the +13 sceptre of Asmodeus
   (You took it off Asmodeus on level 7 of Gehenna)

   Fire Summon: It may summon demons of flame and damnation when striking foes.
 Q - the +11 war axe of Ravage {spect, *Slow rElec rPois Stlth+}
   (You took it off an efreet in Pandemonium)

   rElec:     It insulates you from electricity.
   rPois:     It protects you from poison.
   *Slow:     It may slow you when you take damage.
   Stlth:     It makes you more stealthy.
 U - a +9 eveningstar of protection (weapon)
Missiles
 C - 106 poisoned darts (quivered)
Armour
 h - a +2 pair of gloves (worn)
 p - the -2 hat of the Alchemist (worn) {rElec rPois rF+ rC+ rN+ Will+ rMut rCorr}
   (You found it in a wizard's laboratory)

   rF:        It protects you from fire.
   rC:        It protects you from cold.
   rElec:     It insulates you from electricity.
   rPois:     It protects you from poison.
   rN:        It protects you from negative energy.
   rCorr:     It protects you from acid and corrosion.
   rMut:      It protects you from mutation.
   Will:      It increases your willpower.
 w - a +2 pair of boots of flying (worn)
 H - a +2 cloak of cold resistance (worn)
 M - a +2 crystal plate armour (worn)
 V - a +1 tower shield of cold resistance (worn)
Jewellery
 r - the ring "Foceoss Rufa" (left hand) {Fire Drain rN+ Str+6 Int+3}
   (You found it in the Desolation of Salt)

   [ring of fire]

   It enhances your fire magic.
   Str:       It affects your strength (+6).
   Int:       It affects your intelligence (+3).
   rF:        It protects you from fire.
   rC:        It makes you vulnerable to cold.
   rN:        It protects you from negative energy.
   Drain:     It drains your maximum health when unequipped.
 y - the ring "Riho Seth" {Contam rC++ MP+9 Str+8 Int+4}
   (You found it on level 5 of the Pits of Slime)

   [ring of magical power]

   Str:       It affects your strength (+8).
   Int:       It affects your intelligence (+4).
   rC:        It greatly protects you from cold.
   MP:        It affects your magic capacity (+9).
   Contam:    It causes magical contamination when unequipped.
 B - the amulet "Bohuwke" {Faith *Corrode rElec rC++ SInv}
   (You found it on level 7 of Tartarus)

   [amulet of faith]

   It allows you to gain divine favour quickly.
   rC:        It greatly protects you from cold.
   rElec:     It insulates you from electricity.
   SInv:      It lets you see invisible.
   *Corrode:  It may corrode you when you take damage.
 F - the amulet "Ikaojiav" (around neck) {Spirit Will+ Regen+ Dex+4 Stlth+}
   (You found it in the Desolation of Salt)

   [amulet of guardian spirit]

   It causes incoming damage to be divided between your reserves of health and
   magic.
   Dex:       It affects your dexterity (+4).
   Regen:     It increases your rate of health regeneration.
   Will:      It increases your willpower.
   Stlth:     It makes you more stealthy.
 T - the ring "Nackeohu" (right hand) {rC+ rN+ MP-9 Str+6 SInv}
   (You found it in Pandemonium)

   [ring of strength]

   Str:       It affects your strength (+6).
   rC:        It protects you from cold.
   rN:        It protects you from negative energy.
   MP:        It affects your magic capacity (-9).
   SInv:      It lets you see invisible.
 X - the ring of Mutibiel {rF+ rN++ rCorr Str-2 Slay+2}
   (You found it in Pandemonium)

   [ring of protection from fire]

   Str:       It affects your strength (-2).
   Slay:      It affects your accuracy & damage with ranged weapons and melee
   (+2).
   rF:        It protects you from fire.
   rN:        It greatly protects you from negative energy.
   rCorr:     It protects you from acid and corrosion.
Wands
 a - a wand of flame (140)
 b - a wand of digging (31)
 e - a wand of mindburst (69)
 o - a wand of roots (79)
 R - a wand of light (42)
Scrolls
 c - 4 scrolls of fear
 f - 4 scrolls of enchant weapon
 m - 17 scrolls of poison
 n - 4 scrolls of magic mapping
 s - 34 scrolls of teleportation
 t - 14 scrolls of fog
 E - 3 scrolls of brand weapon
 K - 4 scrolls of silence
 L - 15 scrolls of blinking
 Z - 7 scrolls of butterflies
Potions
 d - 3 potions of might
 g - 6 potions of haste
 i - 21 potions of mutation
 j - 2 potions of heal wounds
 k - 31 potions of curing
 l - 5 potions of cancellation
 x - 3 potions of magic
 I - 12 potions of flight
 P - 12 potions of invisibility
 S - 14 potions of ambrosia
 W - 5 potions of resistance
 Y - 5 potions of berserk rage
Miscellaneous
 z - the horn of Geryon


   Skills:
 O Level 27 Fighting
 + Level 7.0 Long Blades
 O Level 27 Maces & Flails
 + Level 7.8 Polearms
 + Level 25.5 Throwing
 O Level 27 Armour
 O Level 27 Dodging
 O Level 27 Shields
 O Level 27 Invocations
 O Level 27 Evocations


You had 26 spell levels left.
You didn't know any spells.
Your spell library contained the following spells:

 Spells                   Type           Power      Damage    Failure   Level
 Apportation              Tloc           0%         N/A       97%         1
 Beastly Appendage        Tmut           0%         N/A       97%         1
 Foxfire                  Conj/Fire      0%         2x1d4     97%         1
 Freeze                   Ice            0%         1d3       97%         1
 Kiss of Death            Conj/Necr      0%         2d5       97%         1
 Magic Dart               Conj           0%         1d3       97%         1
 Necrotise                Necr           0%         1d4       97%         1
 Sandblast                Erth           0%         2d4       97%         1
 Shock                    Conj/Air       0%         1d3       97%         1
 Slow                     Hex            0%         N/A       97%         1
 Sting                    Tmut/Pois      0%         1d3       97%         1
 Summon Small Mammal      Summ           0%         N/A       97%         1
 Blink                    Tloc           0%         N/A       99%         2
 Call Imp                 Summ           0%         N/A       99%         2
 Cigotuvi's Dreadful Rot  Necr/Pois/Air  0%         N/A       99%         2
 Ensorcelled Hibernation  Hex/Ice        0%         N/A       99%         2
 Lesser Beckoning         Tloc           0%         N/A       99%         2
 Momentum Strike          Conj/Tloc      0%         3d8       99%         2
 Passwall                 Tmut/Erth      0%         N/A       99%         2
 Poisonous Vapours        Pois/Air       0%         N/A       99%         2
 Scorch                   Fire           0%         2d5       99%         2
 Searing Ray              Conj           0%         2d4       99%         2
 Static Discharge         Conj/Air       0%         2-2/arc   99%         2
 Sublimation of Blood     Necr           0%         N/A       99%         2
 Wereblood                Tmut           0%         N/A       99%         2
 Call Canine Familiar     Summ           0%         N/A       100%        3
 Confusing Touch          Hex            0%         N/A       100%        3
 Dazzling Flash           Conj/Hex       0%         N/A       100%        3
 Frozen Ramparts          Ice            0%         1d1       100%        3
 Gell's Gravitas          Tloc           0%         N/A       100%        3
 Hailstorm                Conj/Ice       0%         3d3       100%        3
 Inner Flame              Hex/Fire       0%         N/A       100%        3
 Mephitic Cloud           Conj/Pois/Air  0%         N/A       100%        3
 Ozocubu's Armour         Ice            0%         N/A       100%        3
 Portal Projectile        Hex/Tloc       0%         N/A       100%        3
 Spider Form              Tmut/Pois      0%         N/A       100%        3
 Stone Arrow              Conj/Erth      0%         3d7       100%        3
 Summon Guardian Golem    Hex/Summ       0%         N/A       100%        3
 Swiftness                Air            0%         N/A       100%        3
 Teleport Other           Tloc           0%         N/A       100%        3
 Tukima's Dance           Hex            0%         N/A       100%        3
 Vampiric Draining        Necr           0%         2d6       100%        3
 Vhi's Electric Charge    Tloc/Air       0%         N/A       100%        3
 Volatile Blastmotes      Fire/Tloc      0%         2d10      100%        3
 Airstrike                Air            0%         2d(0-16)  100%        4
 Anguish                  Hex/Necr       0%         N/A       100%        4
 Animate Armour           Summ/Erth      0%         N/A       100%        4
 Animate Dead             Necr           0%         N/A       100%        4
 Cause Fear               Hex            0%         N/A       100%        4
 Dispel Undead            Necr           0%         3d6       100%        4
 Flame Wave               Conj/Fire      0%         2d4       100%        4
 Fulminant Prism          Conj/Hex       0%         3d5       100%        4
 Ice Form                 Ice/Tmut       0%         N/A       100%        4
 Iskenderun's Mystic Bla  Conj/Tloc      0%         2d3       100%        4
 Leda's Liquefaction      Hex/Erth       0%         N/A       100%        4
 Manifold Assault         Tloc           0%         N/A       100%        4
 Olgreb's Toxic Radiance  Pois           0%         N/A       100%        4
 Passage of Golubria      Tloc           0%         N/A       100%        4
 Petrify                  Tmut/Erth      0%         N/A       100%        4
 Sticky Flame             Conj/Fire      0%         2d3       100%        4
 Summon Ice Beast         Ice/Summ       0%         N/A       100%        4
 Summon Lightning Spire   Summ/Air       0%         N/A       100%        4
 Agony                    Necr           0%         N/A       100%        5
 Alistair's Intoxication  Tmut/Pois      0%         N/A       100%        5
 Arcjolt                  Conj/Air       0%         1d10      100%        5
 Blade Hands              Tmut           0%         N/A       100%        5
 Borgnjor's Vile Clutch   Necr/Erth      0%         N/A       100%        5
 Fireball                 Conj/Fire      0%         3d3       100%        5
 Freezing Cloud           Conj/Ice/Air   0%         6-21      100%        5
 Irradiate                Conj/Tmut      0%         3d11      100%        5
 Iskenderun's Battlesphe  Conj           0%         2d6       100%        5
 Lee's Rapid Deconstruct  Erth           0%         3d4*      100%        5
 Metabolic Englaciation   Hex/Ice        0%         N/A       100%        5
 Silence                  Hex/Air        0%         N/A       100%        5
 Summon Mana Viper        Hex/Summ       0%         N/A       100%        5
 Yara's Violent Unravell  Hex/Tmut       0%         3d3       100%        5
 Conjure Ball Lightning   Conj/Air       0%         3x3d6     100%        6
 Death Channel            Necr           0%         N/A       100%        6
 Eringya's Noxious Bog    Tmut/Pois      0%         N/A       100%        6
 Plasma Beam              Fire/Air       0%         2x1d11    100%        6
 Simulacrum               Ice/Necr       0%         N/A       100%        6
 Starburst                Conj/Fire      0%         6d3       100%        6
 Statue Form              Tmut/Erth      0%         N/A       100%        6
 Summon Cactus Giant      Summ           0%         N/A       100%        6
 Dragon Form              Tmut           0%         N/A       100%        7
 Enfeeble                 Hex            0%         N/A       100%        7
 Haunt                    Necr/Summ      0%         N/A       100%        7
 Malign Gateway           Summ/Tloc      0%         N/A       100%        7
 Orb of Destruction       Conj           0%         9d5       100%        7
 Ozocubu's Refrigeration  Ice            0%         4d7       100%        7
 Spellforged Servitor     Conj/Summ      0%         N/A       100%        7
 Storm Form               Tmut/Air       0%         N/A       100%        7
 Summon Hydra             Summ           0%         N/A       100%        7
 Borgnjor's Revivificati  Necr           0%         N/A       100%        8
 Discord                  Hex            0%         N/A       100%        8
 Disjunction              Tloc           0%         N/A       100%        8
 Ignition                 Fire           0%         3d3       100%        8
 Infestation              Necr           0%         N/A       100%        8
 Lehudib's Crystal Spear  Conj/Erth      0%         10d2      100%        8
 Maxwell's Capacitive Co  Air            0%         ∞         100%        8
 Necromutation            Tmut/Necr      0%         N/A       100%        8
 Summon Horrible Things   Summ           0%         N/A       100%        8
 Chain Lightning          Conj/Air       0%         N/A       100%        9
 Death's Door             Necr           0%         N/A       100%        9
 Dragon's Call            Summ           0%         N/A       100%        9
 Fire Storm               Conj/Fire      0%         5d1       100%        9
 Polar Vortex             Ice            0%         N/A       100%        9
 Shatter                  Erth           0%         3d5*      100%        9


Dungeon Overview and Level Annotations

Branches:
Dungeon (15/15)            Temple (0/1) D:5            Lair (5/5) D:8
  Swamp (4/4) Lair:3        Snake (4/4) Lair:2        Slime (5/5) Lair:5
    Orc (2/2) D:11            Elf (3/3) Orc:2        Vaults (5/5) D:13
  Crypt (0/3) Vaults:3     Depths (4/4) D:15           Hell (1/1)
    Dis (7/7) Hell            Geh (7/7) Hell            Coc (7/7) Hell
    Tar (7/7) Hell            Zot (5/5) Depths:4     Bailey (visited)
  IceCv (visited)         Volcano (visited)          WizLab (visited)
Desolation (visited)

Altars:
Ashenzari
Cheibriados
Dithmenos
Elyvilon
Fedhas
Kikubaaqudgha
Makhleb
Nemelex Xobeh
Qazlal
Ru
Sif Muna
Uskayaw
Vehumet
Wu Jian
Xom
Zin
The Shining One
Jiyva

Shops:
D:5 :   D:15 [   Orc:2 *!=((   Elf:1 !   Snake:2 !   Vaults:1 [   Depths:1 [=(*
Depths:3 =

Portals:
Hell: Depths:1 Depths:2 Depths:3 Depths:4
Abyss: Depths:3
Pandemonium: Depths:2 Depths:3
Ziggurat: Depths:4

Annotations:
Snake:2 1 runed translucent door, Heuqoc's ghost, adept TeFi
Vaults:3 3 runed translucent doors, Adoajy's ghost, adept DsWr


Innate Abilities, Weirdness & Mutations

You have a pair of horns on your head.
You reflexively headbutt those who attack you in melee.


Message History

The war gargoyle is moderately damaged.
The Hell Sentinel gestures at you.
The sphere of damnation explodes!
The damnation engulfs you!!
Ouch! That really hurt!
Throw: 3 javelins (silver)
Press: ? - help, Q - select action, (/) - cycle Shift-Dir - straight line, f/p - war gargoyle
Aim: a war gargoyle, wielding a +3 dire flail of draining (moderately damaged, 89% to hit)
You throw a silver javelin.
The silver javelin completely misses the Hell Sentinel.
The silver javelin pierces through the war gargoyle.
The war gargoyle is moderately damaged.
Throw: 2 javelins (silver)
Press: ? - help, Q - select action, (/) - cycle Shift-Dir - straight line, f/p - war gargoyle
Aim: a war gargoyle, wielding a +3 dire flail of draining (moderately damaged, 89% to hit)
You throw a silver javelin.
The silver javelin pierces through the war gargoyle but does no damage.
The war gargoyle is moderately damaged.
The war gargoyle launches metal splinters at you.
The spray of metal splinters hits you!!
* * * LOW HITPOINT WARNING * * *
Throw: javelin (silver)
Press: ? - help, Q - select action, (/) - cycle Shift-Dir - straight line, f/p - war gargoyle
Aim: a war gargoyle, wielding a +3 dire flail of draining (moderately damaged, catching its breath, 89% to hit)
You throw a silver javelin.
The silver javelin pierces through the war gargoyle but does no damage.
The war gargoyle is moderately damaged.
You block the Hell Sentinel's attack. x2
The war gargoyle launches metal splinters at you.
The spray of metal splinters hits you but does no damage.
You feel protected from physical attacks.
The Hell Sentinel closely misses you. The Hell Sentinel hits you!
* * * LOW HITPOINT WARNING * * *
You fly up through the gate.
Welcome back to the Vestibule of Hell!
There is a gateway to the Iron City of Dis, spattered with blood here.
You see here a +0 dire flail.
You feel much better. The Hell Sentinel gestures at you.
The sphere of damnation explodes!
The damnation engulfs you!!
Ouch! That really hurt!
You die...

.............##...##.............
.................................
...........#.........#...........
..........##...#.#...##..........
.................................
........#...............#........
.......##....#.#'#.#....##.......
..........#...##)##...#..........
.....#.....##.#)@1#.##.....#.....
....##....#...##)##...#....##....
.............#.###.#.............
################ ################


You could see a Hell Sentinel.

Vanquished Creatures
  Cerebov (Pan)
  Antaeus (Coc:7)
  Asmodeus (Geh:7)
  Ereshkigal (Tar:7)
  Ignacio (Pan)
  the Royal Jelly (Slime:5)
  Gloorx Vloq (Pan)
  A seraph (Pan)
  Lom Lobon (Pan)
  the Serpent of Hell (Tar:7)
  Mnoleg (Pan)
  6 dread liches
  5 ancient liches
  Mennas (Pan)
  Mara (Vaults:4)
  4 orbs of fire
  2 royal mummies (Dis:1)
  3 juggernauts
  Vv (Depths:4)
  Margery (Vaults:4)
  11 Killer Klowns
  10 shard shrikes
  Xtahua (Vaults:5)
  Bai Suzhen (Vaults:5)
  4 curse toes
  27 caustic shrikes
  15 golden dragons
  12 pandemonium lords (Pan)
  Geryon (Hell)
  Jory (Vaults:5)
  A mutant beast (WizLab)
  25 profane servitors
  14 bone dragons
  2 pearl dragons (Pan)
  8 iron giants
  3 spectral shard shrikes
  9 hellephants
  3 electric golems
  16 Tzitzimimeh
  8 doom hounds
  16 Brimstone Fiends
  Zenata (Vaults:1)
  25 Orb Guardians (Zot:5)
  24 tentacled monstrosities
  29 Ice Fiends
  26 Hell Sentinels
  13 liches
  A walking crystal tome (Depths:2)
  25 acid blobs
  2 deep elf blademasters (Elf:3)
  35 searing wretches
  A walking earthen tome (Depths:4)
  9 quicksilver dragons
  26 tainted leviathans
  A walking divine tome (Depths:2)
  The ghost of Zeus21348 the Warrior, an adept HOMo of Beogh (Elf:3)
  14 titans
  Asterion (Vaults:3)
  38 Executioners
  2 tentacled starspawn (Abyss:4)
  2 deep elf master archers (Elf:3)
  13 ancient champions
  Gastronok (D:8)
  9 shadow dragons
  Murray (Hell)
  Kirke (Lair:5)
  2 thorn hunters (Swamp:3)
  5 death cobs
  5 sphinxes
  Donald (Snake:2)
  4 tengu reavers
  7 draconian monks
  A storm dragon (shapeshifter) (Vaults:4)
  17 storm dragons
  A revenant (Vaults:2)
  20 fire giants
  23 nagarajas
  11 rockslimes
  14 azure jellies
  The ghost of Quickbrownfox the Thaumaturge, an adept DsCj of Jiyva (Swamp:1)
  9 demonspawn warmongers (Pan)
  17 daevas (Pan)
  11 narguns
  2 draconian knights
  11 quicksilver elementals
  Aizul (Snake:3)
  7 ghost moths
  3 deep elf sorcerers
  7 frost giants
  2 imperial myrmidons (Desolation)
  3 curse skulls
  17 vault wardens
  A spectral juggernaut (Tar:4)
  A caustic shrike zombie (Hell)
  3 iron dragons
  7 orc warlords
  4 draconian scorchers
  12 shard shrike simulacra
  34 angels (Pan)
  50 balrugs
  2 draconian shifters (Zot:4)
  23 reapers
  2 spectral caustic shrikes
  29 cacodemons (Pan)
  A caustic shrike skeleton (Pan)
  14 demonspawn corrupters (Pan)
  5 draconian stormcallers
  9 demonspawn blood saints (Pan)
  12 ophanim (Pan)
  8 deep elf elementalists
  18 war gargoyles
  13 draconian annihilators
  18 stone giants
  17 ironbound preservers
  11 ironbound thunderhulks
  12 quicksilver oozes
  17 green draconians
  4 eleionomae
  32 very ugly things
  28 elemental wellsprings
  18 dire elephants
  11 black draconians
  29 putrid mouths
  14 wendigos
  A spectral titan (Tar:7)
  2 vampire knights
  38 lorocyprocas
  33 apis (Pan)
  2 halazid warlocks (Desolation)
  4 deep elf demonologists (Elf:3)
  11 purple draconians
  A spark wasp (shapeshifter) (Vaults:4)
  8 deep elf annihilators
  16 white draconians
  17 demonspawn black suns (Pan)
  11 red draconians
  10 yellow draconians
  A bunyip (Swamp:2)
  5 spark wasps
  6 deep elf death magi
  2 merfolk impalers (Depths:3)
  3 eidola
  Snorg (D:11)
  7 ettins
  28 blizzard demons
  A deep elf high priest (Vaults:4)
  2 crystal guardians (Desolation)
  6 mummy priests (Dis:1)
  2 spectral krakens (Tar:7)
  20 yaktaur captains
  18 green deaths
  A quicksilver dragon zombie (Hell)
  A servant of whispers (Desolation)
  8 fire dragons
  9 ragged hierophants (Desolation)
  2 entropy weavers (shapeshifter) (WizLab)
  4 spectral spriggans
  2 jiangshi (Depths:4)
  An entropy weaver (Vaults:1)
  12 hell beasts
  37 vault guards
  7 rakshasas
  17 great orbs of eyes
  7 salamander tyrants
  A spriggan zombie (Hell)
  9 caustic shrike simulacra
  11 peacekeepers
  Erolcha (Orc:1)
  8 juggernaut simulacra
  A spriggan air mage (Depths:2)
  3 ghost crabs
  6 hydras
  7 boulder beetles
  9 anacondas
  9 ice dragons
  8 ogre magi
  10 centaur warriors
  31 dancing weapons
  An anaconda (shapeshifter) (Vaults:5)
  24 two-headed ogres
  9 ironbound frosthearts
  4 stokers
  9 deep troll earth magi
  4 orc high priests
  12 naga warriors
  7 death yaks
  4 death knights
  3 spectral nagas
  2 vampire magi
  2 titan zombies (Hell)
  8 alligators
  2 deep troll shamans
  3 thrashing horrors (Abyss:4)
  8 spriggan berserkers
  38 hell hogs
  8 tengu warriors
  36 soul eaters
  118 sun demons
  18 hell knights
  12 shock serpents
  19 deep elf knights
  A skyshark (Lair:3)
  16 naga sharpshooters
  A wretched star (Abyss:4)
  5 crystal echidnas
  43 sixfirhies
  6 iron trolls
  2 spectral bunyips (Tar:1)
  11 shadow wraiths
  A spectral anaconda (Tar:1)
  3 goliath frogs
  A titan skeleton (Pan)
  8 glowing orange brains
  5 salamander mystics
  2 spectral hydras
  2 glowing orange brains (shapeshifter)
  16 cherubim (Pan)
  2 spectral iron dragons
  4 quicksilver dragon simulacra
  43 deep trolls
  3 spriggan druids
  5 bog bodies
  A deep troll (shapeshifter) (D:15)
  11 deep elf archers
  A golden dragon skeleton (Depths:1)
  9 swamp dragons
  An anaconda skeleton (Pan)
  38 shadow demons (Pan)
  13 wizards
  6 starcursed masses (Abyss:4)
  6 naga ritualists
  2 harpies (shapeshifter) (WizLab)
  8 lindwurms
  3 necromancers
  An obsidian statue (Depths:4)
  7 phantasmal warriors
  27 deep elf zephyrmancers
  23 ironbound convokers
  38 deep elf pyromancers
  8 orc sorcerers
  3 will-o-the-wisps
  5 mana vipers
  44 ugly things
  2 cyclopes
  14 orc knights
  4 fire giant zombies (Hell)
  A shining eye (shapeshifter) (WizLab)
  2 spectral ettins (Tar:5)
  11 shining eyes
  80 large abominations
  4 manticores
  23 moths of wrath
  An iron dragon skeleton (Pan)
  A frost giant zombie (Hell)
  A cyclops (shapeshifter) (WizLab)
  A faun (shapeshifter) (Vaults:5)
  2 worldbinders
  16 guardian serpents
  A stone giant zombie (Depths:1)
  12 elephants
  A salamander (shapeshifter) (WizLab)
  19 salamanders
  6 ice statues
  A fire giant skeleton (Depths:1)
  22 naga magi
  33 demonic crawlers
  2 torpor snails
  17 rust devils
  6 eyes of devastation
  2 black mambas (shapeshifter) (WizLab)
  A guardian serpent (shapeshifter) (WizLab)
  26 black mambas
  An eye of devastation (shapeshifter) (Elf:3)
  2 gargoyles
  74 smoke demons
  7 titan simulacra
  6 molten gargoyles
  6 cane toads
  40 orange demons
  A storm dragon simulacrum (Coc:1)
  17 vault sentinels
  2 kobold demonologists (Bailey)
  6 spectral swamp worms (Tar:7)
  6 freezing wraiths
  3 swamp worm zombies (Swamp:4)
  19 hellions
  10 efreet
  2 unseen horrors
  5 rime drakes
  4 komodo dragons
  3 bunyip simulacra
  3 rime drakes (shapeshifter)
  10 ice devils
  48 yaktaurs
  47 tormentors
  2 komodo dragons (shapeshifter) (WizLab)
  3 yaktaurs (shapeshifter)
  A guardian mummy (Dis:1)
  7 anaconda simulacra
  A golden dragon simulacrum (Coc:4)
  2 iron giant simulacra
  7 tengu conjurers
  A hydra zombie (Swamp:4)
  2 queen bees
  3 ancient zymes (Abyss:4)
  A wind drake (shapeshifter) (WizLab)
  39 hellwings
  2 harpy zombies
  3 meliai (D:12)
  8 red devils
  10 polar bears
  4 spectral harpies
  A bloated husk (Swamp:4)
  A tarantella (shapeshifter) (D:14)
  20 hornets
  11 trolls
  8 tyrant leeches
  A tyrant leech (shapeshifter) (D:9)
  A hornet (shapeshifter) (WizLab)
  50 saltlings (Desolation)
  A raiju (shapeshifter) (WizLab)
  2 spectral swamp dragons (Swamp:4)
  26 blink frogs
  2 polar bears (shapeshifter)
  4 alligator zombies (Swamp:4)
  4 harpy skeletons (Pan)
  A dream sheep (shapeshifter) (Vaults:5)
  15 dream sheep
  An iron dragon simulacrum (Coc:2)
  5 flying skulls (Abyss:4)
  4 stone giant simulacra
  A jumping spider (shapeshifter) (Vaults:4)
  6 raiju (Abyss:4)
  A centaur simulacrum (D:14)
  A spriggan (shapeshifter) (Abyss:4)
  175 slime creatures
  A culicivora (Vaults:1)
  44 ynoxinuls
  3 wyverns
  2 air elementals
  A wyvern (shapeshifter) (Depths:3)
  8 dire elephant simulacra
  An ice dragon skeleton (Pan)
  24 spriggans
  14 water elementals
  4 wraiths
  72 yaks
  A vampire (D:11)
  2 ushabtiu (Dis:1)
  3 shadows
  6 small abominations (WizLab)
  2 hogs (shapeshifter)
  A yak (shapeshifter) (WizLab)
  6 fire elementals
  2 fire bats (shapeshifter)
  17 golden eyes
  65 chaos spawn
  A hog (Lair:5)
  6 vampire mosquitoes
  A basilisk (shapeshifter) (WizLab)
  20 humans (D:13)
  2 alligator snapping turtle simulacra
  22 iron golems
  2 basilisks
  42 neqoxecs
  A steam dragon (D:9)
  A warg (shapeshifter) (WizLab)
  5 wargs
  13 harpy simulacra
  39 nagas
  15 swamp worms
  2 hell hounds (Lair:5)
  4 acid dragons
  33 water moccasins
  2 naga skeletons (Hell)
  A demonspawn skeleton (Pan)
  3 hydra simulacra
  11 floating eyes
  3 sky beasts
  6 black bears
  2 black bears (shapeshifter) (WizLab)
  41 orc warriors
  3 swamp drakes
  11 ettin simulacra
  2 ice beasts (D:6)
  33 ogres
  7 swamp dragon zombies
  43 wolves
  9 centaurs
  11 boggarts
  A phantom (Swamp:4)
  10 kobold brigands
  13 bullfrogs
  7 earth elementals
  5 gnoll sergeants
  4 scorpions
  4 wights (D:8)
  26 killer bees
  A tengu zombie (Hell)
  An elephant simulacrum (D:13)
  7 howler monkeys
  6 electric eels (Bailey)
  7 lava snakes (Snake:2)
  2 iron imps
  3 gnoll boudas
  A hound (D:6)
  25 orc priests
  6 jellies
  4 iguanas
  A sleepcap (D:7)
  Ijyb (D:5)
  10 orc wizards
  7 hell rats
  3 spectral swamp drakes (Swamp:4)
  8 spriggan simulacra
  27 adders
  30 gnolls
  8 naga simulacra
  A swamp drake zombie (Swamp:4)
  A shadow imp (D:8)
  13 white imps
  2 ufetubi
  2 worms (D:2)
  3 dart slugs
  80 orcs
  8 ball pythons
  2 endoplasms
  A giant cockroach (D:4)
  17 hobgoblins
  5 jackals
  28 kobolds
  4 quokkas
  5 bats
  6 frilled lizards
  16 goblins
  8 rats
  2 creeping infernos (Geh:7)
  28 fire vortices
  2 spectral weapons
  2 starspawn tentacles (Abyss:2)
  A tentacle (Tar:7)
4662 creatures vanquished.

Vanquished Creatures (collateral kills)
  A war gargoyle (Dis:5)
  A dream sheep (Lair:5)
  A wraith (D:11)
  4 centaurs (D:11)
7 creatures vanquished.

Vanquished Creatures (others)
  An eldritch tentacle (Pan)
  A fire giant (Depths:1)
  2 shard shrike simulacra
  2 war gargoyles
  A cacodemon (Pan)
  A demonspawn blood saint (Pan)
  A wendigo (Coc:1)
  2 caustic shrike simulacra
  A juggernaut simulacrum (Coc:6)
  A spriggan (Swamp:3)
  2 sixfirhies (Pan)
  A death drake (Swamp:4)
  A quicksilver dragon simulacrum (Coc:7)
  A wizard (Vaults:4)
  A phantasmal warrior (Swamp:4)
  A will-o-the-wisp (Swamp:3)
  An eye of devastation (Pan)
  A titan simulacrum (Coc:7)
  A tengu conjurer (Depths:3)
  An anaconda simulacrum (Coc:2)
  A bunyip simulacrum (Hell)
  A hornet (Swamp:3)
  2 iron giant simulacra
  7 bloated husks
  A saltling (Desolation)
  An iron dragon simulacrum (Coc:3)
  2 centaur simulacra (Coc:2)
  2 ynoxinuls (Pan)
  A fire elemental (Elf:3)
  2 humans (Lair:5)
  A golden eye (shapeshifter) (Vaults:5)
  A chaos spawn (Pan)
  An acid dragon (D:9)
  4 harpy simulacra
  A hydra simulacrum (Coc:2)
  An ettin simulacrum (Coc:2)
  4 phantoms (Swamp:4)
  A naga simulacrum (Coc:5)
  A swamp drake zombie (Swamp:4)
  An ufetubus (Abyss:1)
  2 orcs (Orc:1)
  A goblin (Bailey)
  8 ball lightnings (Pan)
  2 creeping infernos (Geh:4)
  A fire vortex (Geh:6)
  12 foxfires
  10 spectral weapons
  8 starspawn tentacles
  3 tentacles (Tar:7)
107 creatures vanquished.

Grand Total: 4776 creatures vanquished

Notes
Turn   | Place    | Note
-------+----------+-------------------------------------------
     0 | D:1      | HagarQim the Minotaur Fighter began the quest for the Orb.
     0 | D:1      | Reached XP level 1. HP: 19/19 MP: 0/0
   126 | D:1      | Reached XP level 2. HP: 27/27 MP: 1/1
   711 | D:1      | Reached XP level 3. HP: 33/33 MP: 2/2
   950 | D:2      | Reached XP level 4. HP: 40/40 MP: 3/3
  1622 | D:3      | Found a broken altar of Ashenzari.
  1676 | D:3      | Noticed a bullfrog
  1680 | D:3      | Killed a bullfrog
  1681 | D:3      | Reached skill level 5 in Armour
  1681 | D:3      | Reached XP level 5. HP: 45/47 MP: 4/4
  1740 | D:3      | Found a stormy altar of Qazlal.
  1740 | D:3      | Found a sparkling altar of Nemelex Xobeh.
  1746 | D:3      | Found a white marble altar of Elyvilon.
  1942 | D:3      | Found a glowing silver altar of Zin.
  1943 | D:3      | Found a faded altar of an unknown god.
  1971 | D:3      | Became a worshipper of Qazlal Stormbringer
  2059 | D:3      | Found a faded altar of an unknown god.
  2099 | D:3      | Noticed a +0 dagger
  2100 | D:3      | Noticed a +0 spear
  2101 | D:3      | Noticed a +0 short sword
  2102 | D:3      | Noticed a +0 dagger
  2102 | D:3      | Noticed a +0 short sword
  2102 | D:3      | Noticed a +0 falchion
  2103 | D:3      | Noticed a +0 spear
  2103 | D:3      | Noticed a +0 falchion
  2132 | D:3      | Found a hide-covered altar of Uskayaw.
  2308 | D:3      | Reached XP level 6. HP: 46/55 MP: 5/5
  2769 | D:4      | Reached skill level 5 in Fighting
  2912 | D:4      | Reached skill level 5 in Long Blades
  3067 | D:4      | Found an ancient bone altar of Kikubaaqudgha.
  3068 | D:4      | Found a radiant altar of Vehumet.
  3070 | D:4      | Found a shimmering blue altar of Sif Muna.
  3077 | D:4      | Got Sif Muna's Grimoire of Changing
  3177 | D:5      | Entered Level 5 of the Dungeon
  3185 | D:5      | Reached * piety under Qazlal
  3274 | D:5      | Found Sivvoyck's Book Emporium.
  3374 | D:5      | Found a staircase to the Ecumenical Temple.
  3378 | D:5      | Reached XP level 7. HP: 61/61 MP: 6/6
  3378 | D:5      | Noticed Ijyb
  3393 | D:5      | Killed Ijyb
  3394 | D:5      | Reached skill level 5 in Shields
  3618 | D:5      | Found a sacrificial altar of Ru.
  3787 | D:5      | You fall into a shaft and drop 1 floor!
  3791 | D:6      | Identified the +0 spear of Dim Light {venom, Str+3}
  3923 | D:6      | Reached XP level 8. HP: 70/70 MP: 7/7
  3931 | D:6      | Reached skill level 1 in Polearms
  4063 | D:6      | Reached ** piety under Qazlal
  4239 | D:6      | Found a shimmering altar of Xom.
  4627 | D:7      | Found a flagged portal.
  4643 | Bailey   | Entered a bailey
  5022 | Bailey   | Reached XP level 9. HP: 74/79 MP: 8/8
  5022 | Bailey   | Noticed a kobold demonologist
  5035 | Bailey   | Noticed a rust devil
  5038 | Bailey   | Killed a kobold demonologist
  5202 | Bailey   | Reached skill level 5 in Polearms
  5342 | Bailey   | Acquired a manual of Armour
  5437 | Bailey   | Reached skill level 10 in Armour
  5652 | Bailey   | Found an iron altar of Okawaru.
  5652 | Bailey   | Noticed a kobold demonologist
  5663 | Bailey   | Noticed a smoke demon
  5663 | Bailey   | Killed a kobold demonologist
  5667 | Bailey   | Reached *** piety under Qazlal
  6555 | D:7      | Found a snail-covered altar of Cheibriados.
  7126 | D:7      | Reached XP level 10. HP: 85/90 MP: 9/9
  7413 | D:8      | Noticed Gastronok
  7685 | D:8      | Killed Gastronok
  7887 | D:8      | Reached skill level 1 in Evocations
  8110 | D:8      | Found an ornate altar of the Wu Jian Council.
  8136 | D:8      | Found a staircase to the Lair.
  8542 | D:9      | Reached skill level 1 in Maces & Flails
  8644 | D:9      | Reached **** piety under Qazlal
  8780 | D:9      | Identified the ring "Sodoug" {rPois rN+ rCorr Int+5 Dex-3}
  8810 | D:9      | Noticed a two-headed ogre
  8816 | D:9      | Killed a two-headed ogre
  8817 | D:9      | Reached skill level 15 in Armour
  8817 | D:9      | Reached XP level 11. HP: 93/99 MP: 10/10
  9279 | D:9      | Found a glowing golden altar of the Shining One.
  9573 | D:9      | Reached skill level 10 in Fighting
  9695 | D:9      | Noticed a centaur warrior
  9699 | D:9      | Killed a centaur warrior
  9700 | D:9      | Reached skill level 1 in Throwing
  9885 | D:10     | Entered Level 10 of the Dungeon
 10117 | D:10     | Reached skill level 5 in Maces & Flails
 10244 | D:10     | Found a shadowy altar of Dithmenos.
 10559 | D:11     | Noticed a boulder beetle
 10563 | D:11     | Noticed a two-headed ogre
 10572 | D:11     | Killed a two-headed ogre
 10573 | D:11     | Noticed a cyan ugly thing
 10583 | D:11     | Killed a cyan ugly thing
 10584 | D:11     | Reached skill level 1 in Invocations
 10593 | D:11     | Killed a boulder beetle
 10986 | D:11     | Reached XP level 12. HP: 112/112 MP: 12/12
 10995 | D:11     | Found a staircase to the Orcish Mines.
 11003 | D:11     | Reached skill level 10 in Shields
 11282 | D:11     | Reached ***** piety under Qazlal
 11524 | D:12     | Noticed Snorg
 11524 | D:12     | Noticed a two-headed ogre
 11571 | D:11     | Killed a two-headed ogre
 11575 | D:12     | Noticed a centaur warrior
 11581 | D:11     | Killed Snorg
 11629 | D:12     | Killed a centaur warrior
 11692 | D:12     | Identified the +5 rapier of Vanity {freeze, *Slow rPois
                  | SInv Stlth+}
 12056 | D:12     | Noticed a two-headed ogre
 12067 | D:12     | Killed a two-headed ogre
 12068 | D:12     | Reached skill level 10 in Maces & Flails
 12616 | D:13     | Noticed a death knight
 12638 | D:13     | Killed a death knight
 12639 | D:13     | Reached XP level 13. HP: 83/125 MP: 13/13
 12654 | D:13     | Reached skill level 15 in Fighting
 13192 | D:13     | Found the +8 Vampire's Tooth {megavamp}
 13453 | D:13     | Identified the amulet of Woczem {Faith rElec Will+++ Str-5
                  | Int+4}
 13680 | D:13     | Found a gate to the Vaults.
 14342 | D:14     | Found a stormy altar of Qazlal.
 14557 | D:15     | Entered Level 15 of the Dungeon
 14581 | D:15     | Reached ****** piety under Qazlal
 14814 | D:15     | Found Fuor's Armour Shop.
 15176 | D:15     | Reached XP level 14. HP: 102/140 MP: 14/14
 15709 | Lair:1   | Entered Level 1 of the Lair of Beasts
 15769 | Lair:1   | Found a frozen archway.
 15791 | IceCv    | Entered an ice cave
 16232 | IceCv    | Found the +4 skin of Zhor {*Englaciate rC+++ SInv}
 17390 | Lair:2   | Reached skill level 15 in Maces & Flails
 17493 | Lair:2   | Found a staircase to the Snake Pit.
 17524 | Lair:2   | Found a hide-covered altar of Uskayaw.
 17530 | Lair:2   | Found an ornate altar of the Wu Jian Council.
 18668 | Lair:3   | Found a staircase to the Swamp.
 19282 | Lair:4   | Reached XP level 15. HP: 150/150 MP: 15/15
 20184 | Lair:5   | Entered Level 5 of the Lair of Beasts
 20199 | Lair:5   | Noticed Kirke
 20208 | Lair:5   | Killed Kirke
 20272 | Lair:5   | Got Wylo's Vellum of Unholy Striking
 20313 | Lair:5   | Found a dark tunnel.
 20327 | Volcano  | Entered a volcano
 20826 | Lair:5   | Found a staircase to the Slime Pits.
 20826 | Lair:5   | Found a viscous altar of Jiyva.
 21023 | Lair:5   | Reached skill level 15 in Shields
 21414 | Lair:5   | Acquired a manual of Axes
 22005 | Orc:1    | Entered Level 1 of the Orcish Mines
 22150 | Orc:2    | Entered Level 2 of the Orcish Mines
 22168 | Orc:2    | Found a burning altar of Makhleb.
 22373 | Orc:1    | Reached XP level 16. HP: 158/162 MP: 17/17
 22462 | Orc:2    | Found Biunn's Bounteous Boutique.
 22541 | Orc:2    | Found Kicraroc's Antique Weapon Shop.
 22541 | Orc:2    | Found Leacur's Jewellery Emporium.
 22542 | Orc:2    | Found Torhosa's Antique Weapon Emporium.
 22542 | Orc:2    | Found Ziava's Distillery.
 22554 | Orc:2    | Found a staircase to the Elven Halls.
 23024 | Orc:1    | Noticed Erolcha
 23032 | Orc:1    | Killed Erolcha
 24206 | Orc:1    | Identified the +0 chain mail of the Dungeon {*Corrode Int+5
                  | Slay+2}
 24337 | Orc:2    | Bought 2 scrolls of blinking for 180 gold pieces
 24368 | Orc:2    | Bought a potion of might for 64 gold pieces
 24368 | Orc:2    | Bought a potion of heal wounds for 80 gold pieces
 24368 | Orc:2    | Bought a potion of might for 64 gold pieces
 24368 | Orc:2    | Bought a potion of might for 64 gold pieces
 24368 | Orc:2    | Bought a potion of haste for 160 gold pieces
 24550 | Swamp:1  | Entered Level 1 of the Swamp
 24655 | Swamp:1  | Found a runed translucent gate.
 24655 | Swamp:1  | Found a runed translucent gate.
 24655 | Swamp:1  | Found a runed translucent gate.
 24656 | Swamp:1  | Noticed Quickbrownfox's ghost (adept DsCj)
 24666 | Swamp:1  | Found the +11 Singing Sword {sonic wave}
 24677 | Swamp:1  | Killed Quickbrownfox's ghost
 24678 | Swamp:1  | Reached skill level 5 in Invocations
 25971 | Swamp:3  | Noticed a thorn hunter
 25977 | Swamp:3  | Killed a thorn hunter
 26213 | Swamp:3  | Reached XP level 17. HP: 159/172 MP: 20/20
 26517 | Swamp:4  | Entered Level 4 of the Swamp
 26522 | Swamp:4  | Noticed a tentacled monstrosity
 26530 | Swamp:4  | Killed a tentacled monstrosity
 26855 | Swamp:4  | Noticed a tentacled monstrosity
 26858 | Swamp:4  | Killed a tentacled monstrosity
 26868 | Swamp:4  | Noticed a bone dragon
 26884 | Swamp:4  | Killed a bone dragon
 27129 | Swamp:4  | Got a decaying rune of Zot
 27585 | Snake:1  | Entered Level 1 of the Snake Pit
 29747 | Snake:2  | Found Ybrehig's Distillery.
 29755 | Snake:2  | Bought a potion of heal wounds for 60 gold pieces
 29755 | Snake:2  | Bought a potion of might for 48 gold pieces
 29931 | Snake:2  | Identified the staff of fire "Vutamywk" {rF+ Will+ Stlth+}
 30330 | Snake:3  | Reached XP level 18. HP: 113/184 MP: 22/22
 30878 | Snake:3  | Identified the +0 ring mail of the Planets {Str+7}
 31526 | Snake:3  | Noticed Aizul
 31543 | Snake:3  | Killed Aizul
 31754 | Snake:2  | Found a runed translucent door.
 31754 | Snake:2  | Found a shimmering altar of Xom.
 31754 | Snake:2  | Noticed Heuqoc's ghost (adept TeFi)
 31934 | Snake:2  | Noticed Donald
 31946 | Snake:2  | Killed Donald
 32465 | Snake:4  | Entered Level 4 of the Snake Pit
 33926 | Snake:4  | Got a serpentine rune of Zot
 34523 | D:15     | Found a staircase to the Depths.
 34748 | Depths:1 | Entered Level 1 of the Depths
 34787 | Depths:1 | Found a blossoming altar of Fedhas.
 34827 | Depths:1 | Reached XP level 19. HP: 118/193 MP: 24/24
 34889 | Depths:1 | Found Generral's Pet Rocks.
 35039 | Depths:1 | Found a gateway to Hell.
 35124 | Depths:1 | Found a magical portal.
 35130 | WizLab   | Entered Cigotuvi's Fleshworks
 35456 | WizLab   | Paralysed by a floating eye for 2 turns
 35489 | WizLab   | Paralysed by a floating eye for 2 turns
 35513 | WizLab   | Found the -2 hat of the Alchemist {rElec rPois rF+ rC+ rN+
                  | Will+ rMut rCorr}
 35817 | WizLab   | Got Cigotuvi's Anthology of the Decaying Xenotype
 36050 | WizLab   | Noticed a golden dragon
 36294 | Depths:1 | Found Feduul's Armour Shoppe.
 36296 | Depths:1 | Found Kusuaxta's Jewellery Emporium.
 36298 | Depths:1 | Found Daqok's Antique Weapon Shoppe.
 36314 | Depths:1 | Bought an ancient whip for 172 gold pieces
 36314 | Depths:1 | Identified the +3 whip "Cenirui" {flame, rElec Dex+2} (You
                  | bought it in a shop on level 1 of the Depths)
 37341 | Depths:2 | Found a one-way gate leading to the halls of Pandemonium.
 38201 | Depths:2 | Noticed a golden dragon
 38211 | Depths:2 | Killed a golden dragon
 38442 | Depths:2 | Reached skill level 10 in Invocations
 38586 | Depths:2 | Noticed a juggernaut
 38605 | Depths:2 | Killed a juggernaut
 38804 | Depths:2 | Reached XP level 20. HP: 195/206 MP: 26/26
 38826 | Depths:2 | Noticed a golden dragon
 38834 | Depths:2 | Killed a golden dragon
 38838 | Depths:2 | Identified the ring of Rykuirut {Wiz rF+ Int+4}
 39240 | Depths:3 | Noticed a golden dragon
 39269 | Depths:3 | Killed a golden dragon
 39592 | Depths:3 | Noticed a juggernaut
 39598 | Depths:3 | Paralysed by a floating eye for 3 turns
 39608 | Depths:3 | Paralysed by a floating eye for 3 turns
 39615 | Depths:3 | Killed a juggernaut
 39621 | Depths:3 | Paralysed by a floating eye for 2 turns
 40381 | Depths:3 | Identified the ring "Rayre" {rF- rC+ rN++ Str+8 Dex+6}
 40387 | Depths:3 | Identified the +0 quarterstaff "Zijam" {venom, Fragile
                  | Will+ rCorr Dex+2}
 40394 | Depths:3 | Identified the +8 scimitar "Gynla" {venom, rPois}
 40435 | Depths:3 | Acquired a +2 demon whip of venom
 40768 | Depths:3 | Found a one-way gate to the infinite horrors of the Abyss.
 40802 | Depths:3 | Found Jiviuma Haa's Jewellery Shop.
 41077 | Depths:3 | Bought the ring "Eplu" {AC+4 Dex+2} for 708 gold pieces
 41077 | Depths:3 | Bought the ring of Raytho {Dex+6 SInv} for 708 gold pieces
 41100 | Depths:4 | Entered Level 4 of the Depths
 41173 | Depths:4 | Paralysed by something for 4 turns
 41758 | Depths:4 | Noticed Vv
 41774 | Depths:4 | Killed Vv
 41869 | Depths:4 | Found a one-way gateway to a ziggurat.
 42112 | Depths:4 | Noticed a caustic shrike
 42116 | Depths:4 | Noticed a caustic shrike
 42120 | Depths:4 | Killed a caustic shrike
 42121 | Depths:4 | Reached XP level 21. HP: 217/217 MP: 28/28
 42124 | Depths:4 | Noticed a caustic shrike
 42126 | Depths:4 | Killed a caustic shrike
 42131 | Depths:4 | Killed a caustic shrike
 42595 | Depths:4 | Found a gate to the Realm of Zot.
 42762 | Depths:4 | Noticed a golden dragon
 42767 | Depths:4 | Killed a golden dragon
 42787 | Depths:4 | Noticed a golden dragon
 42796 | Depths:4 | Killed a golden dragon
 42956 | Depths:4 | Noticed a golden dragon
 42963 | Depths:4 | Killed a golden dragon
 42966 | Depths:4 | Noticed a golden dragon
 42978 | Depths:4 | Killed a golden dragon
 43026 | Depths:4 | Noticed a golden dragon
 43034 | Depths:4 | Killed a golden dragon
 43810 | Vaults:1 | Entered Level 1 of the Vaults
 43810 | Vaults:1 | Found a portal to a secret trove of treasure.
 43829 | Vaults:1 | Noticed Zenata
 43845 | Vaults:1 | Killed Zenata
 44543 | Vaults:1 | Identified the +12 great sword of Soatum {elec, Stlth+}
 44564 | Vaults:1 | Found Qylumehe's Armour Boutique.
 44997 | Vaults:1 | Identified the +6 short sword of the Jolly Emperors
                  | {freeze, Fragile rN+ Will+++ Stlth+}
 45360 | Vaults:1 | Reached XP level 22. HP: 206/228 MP: 30/30
 47237 | Vaults:3 | Noticed Asterion
 47244 | Vaults:3 | Killed Asterion
 47725 | Vaults:3 | Found a staircase to the Crypt.
 48056 | Vaults:3 | Found a runed translucent gate.
 48056 | Vaults:3 | Found a runed translucent gate.
 48056 | Vaults:3 | Found a runed translucent gate.
 48057 | Vaults:3 | Noticed Adoajy's ghost (adept DsWr)
 48321 | Vaults:4 | Found a crumbling gateway.
 48328 | Desolati | Entered the Desolation of Salt
 48792 | Desolati | Reached skill level 27 in Fighting
 48813 | Desolati | Found the +8 frozen axe "Frostbite" {freeze, freezing
                  | cloud, *Noise Fly rC+}
 48815 | Desolati | Got the Verses on Blasts
 48816 | Desolati | Identified the staff of conjuration "Ocescho" {rF++ Int-5
                  | SInv}
 48818 | Desolati | Got Munluce's Precepts of Arcane Combat
 48820 | Desolati | Identified the ring "Foceoss Rufa" {Fire Drain rN+ Str+6
                  | Int+3}
 49173 | Desolati | Identified the +2 scale mail "Awkud" {rPois rC+ Str-2
                  | Dex+3}
 49185 | Desolati | Identified the amulet "Ikaojiav" {Spirit Will+ Regen+ Dex+4
                  | Stlth+}
 49254 | Desolati | Identified the +5 shortbow of Juruonao {drain, rF+ Will+}
 49255 | Desolati | Identified the ring of Scepticism {rF- Will+ Str+2 Dex+4
                  | Stlth+}
 49256 | Desolati | Identified the ring "Fefat" {rC++ rCorr}
 49259 | Desolati | Identified the +0 leather armour of Cowardice {rElec Int+2
                  | Dex+3}
 49558 | Vaults:4 | Reached XP level 23. HP: 240/240 MP: 31/31
 50547 | Vaults:5 | Entered Level 5 of the Vaults
 50547 | Vaults:5 | Noticed Margery
 50737 | Vaults:5 | Noticed Jory
 50748 | Vaults:4 | Killed Margery
 50894 | Vaults:5 | Noticed a dread lich
 51054 | Vaults:4 | Killed a dread lich
 51105 | Vaults:5 | Killed Jory
 51111 | Vaults:5 | Noticed Xtahua
 51125 | Vaults:5 | Killed Xtahua
 51303 | Vaults:5 | Reached XP level 24. HP: 249/249 MP: 32/33
 51314 | Vaults:5 | Identified the +7 quarterstaff of Zouth {speed, rN+ rCorr
                  | Str+3}
 51340 | Vaults:5 | Found the +8 storm bow {elec, penet}
 51342 | Vaults:5 | Identified the staff of poison "Geiskyn" {rPois Str+4 SInv}
 51383 | Vaults:5 | Identified the +7 sling of Nirimen {drain, Fragile rPois
                  | Str+6}
 51446 | Vaults:5 | Noticed Mara
 51458 | Vaults:5 | Noticed a dread lich
 51525 | Vaults:5 | Noticed HagarQim's illusion
 51525 | Vaults:5 | Noticed Bai Suzhen
 51534 | Vaults:4 | Killed a dread lich
 51639 | Vaults:4 | Killed Mara
 51659 | Vaults:5 | Noticed an ancient lich
 51875 | Vaults:5 | Killed Bai Suzhen
 52134 | Vaults:5 | Killed an ancient lich
 52135 | Vaults:5 | Reached skill level 15 in Invocations
 52184 | Vaults:5 | Got a silver rune of Zot
 52334 | Vaults:5 | Identified the staff of earth "Tumein" {rElec rN+++ Str-4
                  | Dex+3}
 52342 | Vaults:5 | Identified the +8 plate armour of the Apothecary {+Blink
                  | rF+ Str+4}
 52362 | Vaults:5 | Identified the +11 rapier "Qaman" {flame, rCorr}
 52362 | Vaults:5 | Found the +7 lajatang of Order {silver, rMut}
 52387 | Vaults:5 | Identified the +0 scale mail of Bitterness {Fly rCorr MP-9
                  | Slay-6 SInv}
 53000 | Slime:1  | Entered Level 1 of the Pits of Slime
 53554 | Slime:2  | Reached skill level 27 in Shields
 54517 | Slime:3  | Gained mutation: You passively map a small area around you.
                  | [a shining eye]
 55051 | Slime:5  | Entered Level 5 of the Pits of Slime
 55254 | Slime:5  | Noticed the Royal Jelly
 55462 | Slime:5  | Gained mutation: You do not regenerate when monsters are
                  | visible. [a shining eye]
 55463 | Slime:5  | Gained mutation: You sometimes lose your temper in combat.
                  | [a shining eye]
 55468 | Slime:5  | Gained mutation: Your body sometimes deteriorates upon
                  | taking damage. [a shining eye]
 55499 | Slime:4  | Reached skill level 27 in Maces & Flails
 55781 | Slime:5  | Killed the Royal Jelly
 56114 | Slime:5  | Identified the +5 battleaxe "Doppo" {heavy, Str+3}
 56118 | Slime:5  | Identified the +8 great sword of Anger {heavy, rF+ rN+}
 56156 | Slime:5  | Identified the ring "Riho Seth" {Contam rC++ MP+9 Str+8
                  | Int+4}
 56159 | Slime:5  | Got a slimy rune of Zot
 56168 | Slime:5  | Got the Quarto of Glowing Glamour
 56192 | Slime:5  | Identified the ring of Risuki {Str+6 Int+5}
 56212 | Slime:5  | Identified the amulet of Free Expression {Spirit rF- MP+9
                  | SInv}
 56235 | Slime:5  | Got the Enchiridion on the Volley and Bodies
 56236 | Slime:5  | Identified the +6 sling of the Forsaken Xenops {speed, rN+
                  | Will- Int+3}
 56362 | Slime:5  | Lost mutation: You passively map a small area around you.
                  | [potion of mutation]
 56362 | Slime:5  | Lost mutation: You do not regenerate when monsters are
                  | visible. [potion of mutation]
 56362 | Slime:5  | Lost mutation: Your body sometimes deteriorates upon taking
                  | damage. [potion of mutation]
 56363 | Slime:5  | Lost mutation: You sometimes lose your temper in combat.
                  | [potion of mutation]
 56363 | Slime:5  | Gained mutation: Your body sometimes deteriorates upon
                  | taking damage. [potion of mutation]
 56364 | Slime:5  | Lost mutation: Your body sometimes deteriorates upon taking
                  | damage. [potion of mutation]
 56364 | Slime:5  | Gained mutation: You expend magic power (3 MP) to
                  | strengthen your wands. [potion of mutation]
 56761 | Elf:1    | Entered Level 1 of the Elven Halls
 56770 | Elf:1    | Reached XP level 25. HP: 254/257 MP: 31/33
 56968 | Elf:1    | Found Ytowot's Distillery.
 56974 | Elf:1    | Bought a potion of heal wounds for 70 gold pieces
 56974 | Elf:1    | Bought a potion of cancellation for 112 gold pieces
 58149 | Elf:1    | Found a radiant altar of Vehumet.
 58210 | Elf:2    | Found a runed translucent gate.
 58210 | Elf:2    | Found a runed translucent gate.
 58213 | Elf:2    | Found a runed translucent gate.
 58927 | Elf:3    | Entered Level 3 of the Elven Halls
 59160 | Elf:3    | Identified the +7 battleaxe of Iqafin {heavy, Will+ Stlth+}
 59201 | Elf:3    | Identified the +1 robe of Twilight {rC+}
 59268 | Elf:3    | Identified the staff of cold "Zestrezid" {rC+ Int+4}
 59282 | Elf:3    | Got the Reference Book on Atmospheric Interference
 59283 | Elf:3    | Identified the staff of poison "Reed Tel" {rPois Str+3}
 59461 | Elf:3    | Found a runed translucent gate.
 59461 | Elf:3    | Found a runed translucent gate.
 59461 | Elf:3    | Found a runed translucent gate.
 59464 | Elf:3    | Noticed Zeus21348's ghost (adept HOMo)
 59488 | Elf:3    | Killed Zeus21348's ghost
 59506 | Elf:3    | Identified the ring of the Hero {rPois MP+9 Str+2 Int+2}
 59700 | Elf:3    | Got Exkane's Quarto of the Switch
 59711 | Elf:3    | Identified the +1 flail of Awkwardness {heavy, *Rage rN+
                  | Str+9 Stlth+}
 59782 | Elf:3    | Got the Catalogue of Amassed Jinxing
 59783 | Elf:3    | Identified the ring of Depaxaape {rC- Will+ Dex+6 Slay+2
                  | Stlth+}
 59792 | Elf:3    | Got Hyss's Elucidation of Combustive Fog
 59810 | Elf:3    | Acquired the +2 hat of Roculaes {rC+ rN+}
 60229 | Zot:1    | Entered Level 1 of the Realm of Zot
 60561 | Zot:1    | Reached skill level 27 in Armour
 61191 | Zot:2    | Reached XP level 26. HP: 256/266 MP: 2/35
 61588 | Vaults:1 | You paid a toll of 8 scrolls of fear to enter a treasure
                  | trove
 61589 | Trove    | Entered a treasure trove
 61607 | Trove    | Got Sif Muna's Dissertation on the Massed Blink Frog
 61616 | Trove    | Got Sif Muna's Disquisition on the Cumulonimbus
 61636 | Trove    | Got Sif Muna's Folio of Venom and Command
 62058 | Zot:2    | Noticed an orb of fire
 62070 | Zot:2    | Gained mutation: You occasionally shout uncontrollably at
                  | your foes. [an orb of fire]
 62072 | Zot:2    | Gained mutation: You are dopey. (Int -2) [an orb of fire]
 62076 | Zot:2    | Killed an orb of fire
 63152 | Zot:3    | Lost mutation: You are dopey. (Int -2) [potion of mutation]
 63152 | Zot:3    | Lost mutation: You occasionally shout uncontrollably at
                  | your foes. [potion of mutation]
 63152 | Zot:3    | Gained mutation: Your system is resistant to poisons.
                  | (rPois) [potion of mutation]
 64383 | Zot:5    | Entered Level 5 of the Realm of Zot
 64803 | Zot:5    | Identified the +7 chain mail of Lugonu's Benevolence {rC+
                  | Str+3 Int-3}
 64947 | Zot:5    | Reached skill level 5 in Throwing
 65034 | Zot:5    | Noticed a dread lich
 65035 | Zot:5    | Noticed an orb of fire
 65039 | Zot:5    | Noticed an ancient lich
 65048 | Zot:5    | Killed an ancient lich
 65053 | Zot:5    | Killed a dread lich
 65086 | Zot:5    | Killed an orb of fire
 65193 | Zot:5    | Noticed an ancient lich
 65202 | Zot:5    | Killed an ancient lich
 65228 | Zot:5    | Reached skill level 1 in Dodging
 65237 | Zot:5    | Reached XP level 27. HP: 207/273 MP: 38/38
 65248 | Zot:5    | Noticed an orb of fire
 65363 | Zot:4    | Killed an orb of fire
 65556 | Zot:5    | Noticed a dread lich
 65565 | Zot:5    | Killed a dread lich
 65733 | Zot:5    | Noticed an orb of fire
 65751 | Zot:5    | Gained mutation: You sometimes lose your temper in combat.
                  | [an orb of fire]
 65752 | Zot:5    | Killed an orb of fire
 65788 | Zot:5    | Lost mutation: You expend magic power (3 MP) to strengthen
                  | your wands. [potion of mutation]
 65788 | Zot:5    | Lost mutation: You sometimes lose your temper in combat.
                  | [potion of mutation]
 66139 | Depths:3 | Voluntarily entered the Abyss.
 66181 | Abyss:1  | Found a corrupted altar of Lugonu.
 66566 | Abyss:4  | Got an abyssal rune of Zot
 66592 | Depths:3 | Escaped the Abyss
 66664 | Pan      | Entered Pandemonium
 67053 | Pan      | Gained mutation: Armour fits poorly on your strangely
                  | shaped body. [a neqoxec]
 67242 | Pan      | Noticed Kujeaff the pandemonium lord
 67257 | Pan      | Killed Kujeaff the pandemonium lord
 67468 | Pan      | Found an exit through the horrors of the Abyss.
 68084 | Pan      | Found a runed translucent door.
 68099 | Pan      | Got a demonic rune of Zot
 68139 | Pan      | Noticed Ignacio
 68148 | Pan      | Killed Ignacio
 68149 | Pan      | Reached skill level 27 in Invocations
 68240 | Pan      | Reached skill level 5 in Dodging
 68430 | Pan      | Found a transporter.
 68488 | Pan      | Gained mutation: You sometimes lose your temper in combat.
                  | [a cacodemon]
 68490 | Pan      | Reached skill level 5 in Evocations
 68618 | Pan      | Found a transporter.
 68853 | Pan      | Identified the +1 pair of boots of Courage {rC+ rCorr Str+3
                  | Dex-4}
 68885 | Pan      | Identified the ring of Mutibiel {rF+ rN++ rCorr Str-2
                  | Slay+2}
 68889 | Pan      | Acquired a manual of Ranged Weapons
 68920 | Pan      | Gained mutation: You occasionally lose the ability to drink
                  | potions when taking damage. [a neqoxec]
 68921 | Pan      | Gained mutation: You have hidden genetic defects. [a
                  | neqoxec]
 68943 | Pan      | Lost mutation: Your system is resistant to poisons. (rPois)
                  | [potion of mutation]
 68943 | Pan      | Lost mutation: You sometimes lose your temper in combat.
                  | [potion of mutation]
 68944 | Pan      | Lost mutation: You occasionally lose the ability to drink
                  | potions when taking damage. [potion of mutation]
 68944 | Pan      | Lost mutation: You have hidden genetic defects. [potion of
                  | mutation]
 68944 | Pan      | Lost mutation: Armour fits poorly on your strangely shaped
                  | body. [potion of mutation]
 68955 | Pan      | Gained mutation: Armour fits poorly on your strangely
                  | shaped body. [a cacodemon]
 68956 | Pan      | Gained mutation: You occasionally lose the ability to drink
                  | potions when taking damage. [a cacodemon]
 68964 | Pan      | Lost mutation: You occasionally lose the ability to drink
                  | potions when taking damage. [potion of mutation]
 68964 | Pan      | Lost mutation: Armour fits poorly on your strangely shaped
                  | body. [potion of mutation]
 68976 | Pan      | Reached skill level 10 in Throwing
 69937 | Pan      | Noticed Xinweif the pandemonium lord
 69942 | Pan      | Killed Xinweif the pandemonium lord
 70094 | Pan      | Noticed Lauvuqai the pandemonium lord
 70119 | Pan      | Killed Lauvuqai the pandemonium lord
 70647 | Pan      | Gained mutation: Your body sometimes deteriorates upon
                  | taking damage. [a neqoxec]
 70652 | Pan      | Gained mutation: Your body often deteriorates upon taking
                  | damage. [a neqoxec]
 71064 | Pan      | Found an exit through the horrors of the Abyss.
 71077 | Pan      | Reached skill level 10 in Dodging
 71160 | Pan      | Noticed Focrajak the pandemonium lord
 71172 | Pan      | Killed Focrajak the pandemonium lord
 71646 | Pan      | Entered the realm of Mnoleg.
 71686 | Pan      | Gained mutation: Your magical capacity is low. (-10% MP) [a
                  | neqoxec]
 71700 | Pan      | Noticed Mnoleg
 71722 | Pan      | Lost intelligence.
 71730 | Pan      | Killed Mnoleg
 71818 | Pan      | Gained mutation: You are clumsy. (Dex -2) [a cacodemon]
 71821 | Pan      | Paralysed by accursed screaming for 1 turns
 71831 | Pan      | Reached skill level 10 in Evocations
 71858 | Pan      | Paralysed by a floating eye for 3 turns
 71884 | Pan      | Gained mutation: You are vulnerable to cold. (rC-) [a
                  | shining eye]
 71887 | Pan      | Paralysed by a floating eye for 3 turns
 71956 | Pan      | Gained mutation: You occasionally lose the ability to drink
                  | potions when taking damage. [a shining eye]
 71958 | Pan      | Gained mutation: Your mind is acute. (Int +4, Str/Dex -1)
                  | [a shining eye]
 72040 | Pan      | Identified the +7 lajatang of Acrobeuk {vamp, *Rage +Blink
                  | rElec}
 72063 | Pan      | Got a glowing rune of Zot
 72590 | Pan      | Acquired a manual of Spellcasting
 73250 | Pan      | Found an exit through the horrors of the Abyss.
 73433 | Pan      | Identified the +11 battleaxe of Poverty {freeze, Fragile
                  | rElec rPois Int+6}
 73495 | Pan      | Noticed Jetidgh the pandemonium lord
 73504 | Pan      | Killed Jetidgh the pandemonium lord
 74531 | Pan      | Noticed Wuretho the pandemonium lord
 74552 | Pan      | Killed Wuretho the pandemonium lord
 75064 | Pan      | Found an exit through the horrors of the Abyss.
 75483 | Pan      | Noticed Zuna the pandemonium lord
 75494 | Pan      | Killed Zuna the pandemonium lord
 76163 | Pan      | Identified the +3 mace of Foolhardiness {drain, rPois rF+
                  | rC+ Dex+2}
 76299 | Pan      | Noticed Mennas
 76328 | Pan      | Killed Mennas
 76744 | Pan      | Noticed Tetsil the pandemonium lord
 76751 | Pan      | Killed Tetsil the pandemonium lord
 77160 | Pan      | Reached skill level 15 in Dodging
 77193 | Pan      | Identified the +5 scale mail of Satisfaction {rPois rN+
                  | Int-3}
 77242 | Pan      | Found a white marble altar of Elyvilon.
 77676 | Pan      | Identified the +7 tower shield of the Devil's Team {rF-
                  | rN++ Str+3 Slay-5}
 77749 | Pan      | Reached skill level 15 in Evocations
 78332 | Pan      | Reached skill level 15 in Throwing
 78614 | Pan      | Found a glowing silver altar of Zin.
 78918 | Pan      | Identified the ring of Equilibrium {rElec rN+ AC+4 Str-4}
 78918 | Pan      | Noticed a seraph
 78938 | Pan      | Killed a seraph
 78975 | Pan      | Found a glowing golden altar of the Shining One.
 78986 | Pan      | Identified the staff of cold "Cishat" {rF+ rC+ Dex+3}
 78990 | Pan      | Identified the staff of poison "Uheamak" {rPois rCorr Int+2
                  | SInv}
 79632 | Pan      | Noticed Pieppor the pandemonium lord
 79639 | Pan      | Killed Pieppor the pandemonium lord
 80986 | Pan      | Noticed Ufamemm the pandemonium lord
 81016 | Pan      | Killed Ufamemm the pandemonium lord
 81811 | Pan      | Entered the realm of Cerebov.
 81812 | Pan      | Lost mutation: Your body often deteriorates upon taking
                  | damage. [potion of mutation]
 81812 | Pan      | Lost mutation: Your mind is acute. (Int +4, Str/Dex -1)
                  | [potion of mutation]
 81812 | Pan      | Lost mutation: You occasionally lose the ability to drink
                  | potions when taking damage. [potion of mutation]
 81813 | Pan      | Lost mutation: Your body sometimes deteriorates upon taking
                  | damage. [potion of mutation]
 81813 | Pan      | Lost mutation: You are vulnerable to cold. (rC-) [potion of
                  | mutation]
 81813 | Pan      | Lost mutation: You are clumsy. (Dex -2) [potion of
                  | mutation]
 81813 | Pan      | Gained mutation: Armour fits poorly on your strangely
                  | shaped body. [potion of mutation]
 81814 | Pan      | Lost mutation: Armour fits poorly on your strangely shaped
                  | body. [potion of mutation]
 81814 | Pan      | Lost mutation: Your magical capacity is low. (-10% MP)
                  | [potion of mutation]
 81940 | Pan      | Found an exit through the horrors of the Abyss.
 82605 | Pan      | Identified the ring of Founguwotz {rF+ Int+3 Dex+6}
 82627 | Pan      | Got the Octavo of Remoulded Imprecation
 82630 | Pan      | Identified the +11 war axe of Ravage {spect, *Slow rElec
                  | rPois Stlth+}
 82659 | Pan      | Identified the ring "Nackeohu" {rC+ rN+ MP-9 Str+6 SInv}
 82680 | Pan      | Identified the +0 chain mail "Jexudd" {rF- rC+ Str+5 Dex+2}
 82732 | Pan      | Identified the +8 falchion of Forgiveness {venom, rC+
                  | rCorr}
 82753 | Pan      | Found the +6 sword of Cerebov {flame}
 82753 | Pan      | Noticed Cerebov
 82789 | Pan      | Killed Cerebov
 82931 | Pan      | Identified the ring "Oluxuedy" {rPois rF- rCorr Int+6
                  | Dex+3}
 82960 | Pan      | Got a fiery rune of Zot
 82961 | Pan      | Identified the +4 spear of Qoschoc {pain, *Rage rN+ Will+}
 83314 | Pan      | Noticed Daerud the pandemonium lord
 83347 | Pan      | Killed Daerud the pandemonium lord
 84082 | Pan      | Entered the realm of Gloorx Vloq.
 84169 | Pan      | Found an exit through the horrors of the Abyss.
 85017 | Pan      | Noticed Gloorx Vloq
 85030 | Pan      | Killed Gloorx Vloq
 85070 | Pan      | Got a dark rune of Zot
 85301 | Pan      | Found an exit through the horrors of the Abyss.
 85574 | Pan      | Identified the +1 leather armour "Vuil Amm" {Dex+4}
 86598 | Pan      | Entered the realm of Lom Lobon.
 87726 | Pan      | Noticed Lom Lobon
 87765 | Pan      | Killed Lom Lobon
 87788 | Pan      | Got a magical rune of Zot
 88254 | Pan      | Noticed Toafylla the pandemonium lord
 88267 | Pan      | Killed Toafylla the pandemonium lord
 88593 | Pan      | Found an exit through the horrors of the Abyss.
 88930 | Pan      | Took an exit into the Abyss.
 88930 | Abyss:4  | Escaped into the Abyss
 88984 | Abyss:4  | Gained mutation: You are occasionally teleported next to
                  | monsters. [a neqoxec]
 88997 | Abyss:4  | Gained mutation: You do not regenerate when monsters are
                  | visible. [a neqoxec]
 89003 | Depths:3 | Escaped the Abyss
 89043 | Hell     | Entered the Vestibule of Hell
 89047 | Hell     | Noticed Geryon
 89048 | Hell     | Noticed Murray
 89060 | Hell     | Killed Geryon
 89065 | Hell     | Killed Murray
 89652 | Hell     | Found a gateway to the Iron City of Dis.
 89768 | Hell     | Found a gateway to the ashen valley of Gehenna.
 89827 | Hell     | Found a gateway to the decaying netherworld of Tartarus.
 89885 | Hell     | Found a gateway to the freezing wastes of Cocytus.
 90042 | Coc:1    | Entered Level 1 of Cocytus
 90489 | Coc:2    | Paralysed by a wendigo for 1 turns
 90741 | Hell     | Lost mutation: You are occasionally teleported next to
                  | monsters. [potion of mutation]
 90741 | Hell     | Lost mutation: You do not regenerate when monsters are
                  | visible. [potion of mutation]
 90741 | Hell     | Gained mutation: Your movements are slightly less
                  | encumbered by armour. (ER -2) [potion of mutation]
 90741 | Hell     | Gained mutation: Your natural rate of healing is unusually
                  | fast. [potion of mutation]
 90741 | Hell     | Gained mutation: You occasionally lose the ability to drink
                  | potions when taking damage. [potion of mutation]
 90742 | Hell     | Lost mutation: You occasionally lose the ability to drink
                  | potions when taking damage. [potion of mutation]
 90742 | Hell     | Lost mutation: Your movements are slightly less encumbered
                  | by armour. (ER -2) [potion of mutation]
 90742 | Hell     | Gained mutation: You have large cloven feet. [potion of
                  | mutation]
 91773 | Coc:6    | Paralysed by a wendigo for 1 turns
 92058 | Coc:7    | Entered Level 7 of Cocytus
 92199 | Coc:7    | Paralysed by a Zot trap for 2 turns
 92728 | Coc:7    | Noticed Antaeus
 92778 | Coc:7    | Killed Antaeus
 92938 | Coc:7    | Got an icy rune of Zot
 93230 | Tar:1    | Entered Level 1 of Tartarus
 94087 | Tar:4    | Noticed a dread lich
 94091 | Tar:4    | Gained mutation: You are dopey. (Int -2) [a cacodemon]
 94097 | Tar:4    | Killed a dread lich
 94280 | Tar:5    | Lost intelligence.
 94972 | Tar:7    | Entered Level 7 of Tartarus
 96111 | Abyss:4  | Cast into level 4 of the Abyss (profane servitor)
 96134 | Tar:7    | Escaped the Abyss
 96263 | Tar:7    | Identified the ring "Faer Bobb" {Contam rC- Str+6 Slay+6
                  | Stlth+}
 96606 | Tar:7    | Noticed Ereshkigal
 96657 | Tar:7    | Killed Ereshkigal
 96684 | Tar:7    | Noticed the Serpent of Hell
 96718 | Tar:7    | Killed the Serpent of Hell
 96824 | Tar:7    | Identified the amulet "Bohuwke" {Faith *Corrode rElec rC++
                  | SInv}
 96834 | Tar:7    | Got a bone rune of Zot
 97623 | Geh:1    | Entered Level 1 of Gehenna
 99115 | Geh:7    | Entered Level 7 of Gehenna
 99654 | Geh:7    | Reached skill level 27 in Evocations
 99657 | Geh:7    | Found the ring of Shadows {Umbra +Inv Stlth+}
 99700 | Geh:7    | Found the +8 autumn katana {manifold assault}
 99742 | Geh:7    | Identified the +2 robe of Muttered Phrases {Rampage}
 99777 | Geh:7    | Identified the +3 whip of Fortitude {heavy, *Corrode Str+8
                  | Dex+6}
 99798 | Geh:7    | Found the +13 sceptre of Asmodeus
 99798 | Geh:7    | Noticed Asmodeus
 99822 | Geh:7    | Killed Asmodeus
 99823 | Geh:7    | Reached skill level 27 in Dodging
 99867 | Geh:7    | Got an obsidian rune of Zot
100034 | Dis:1    | Entered Level 1 of the Iron City of Dis
100355 | Dis:1    | Noticed an ancient lich
100357 | Dis:1    | Noticed a royal mummy
100361 | Dis:1    | Killed an ancient lich
100375 | Dis:1    | Killed a royal mummy
100375 | Dis:1    | Noticed a royal mummy
100383 | Dis:1    | Noticed a dread lich
100399 | Dis:1    | Killed a dread lich
100420 | Dis:2    | Noticed an ancient lich
100710 | Dis:1    | Killed a royal mummy
101331 | Dis:2    | Killed an ancient lich
102293 | Dis:5    | Noticed a juggernaut
102297 | Dis:5    | Killed a juggernaut
102355 | Hell     | HP: 10/262 [caustic shrike (11)]
103253 | Dis:2    | Lost intelligence.
103281 | Dis:4    | Lost mutation: You have large cloven feet. [potion of
                  | mutation]
103281 | Dis:4    | Lost mutation: You are dopey. (Int -2) [potion of mutation]
103281 | Dis:4    | Lost mutation: Your natural rate of healing is unusually
                  | fast. [potion of mutation]
103281 | Dis:4    | Gained mutation: You are partially covered in iridescent
                  | scales. (AC +2) [potion of mutation]
103281 | Dis:4    | Gained mutation: You occasionally lose the ability to drink
                  | potions when taking damage. [potion of mutation]
103282 | Dis:4    | Lost mutation: You are partially covered in iridescent
                  | scales. (AC +2) [potion of mutation]
103282 | Dis:4    | Lost mutation: You occasionally lose the ability to drink
                  | potions when taking damage. [potion of mutation]
103558 | Dis:7    | Entered Level 7 of the Iron City of Dis
105009 | Dis:4    | Lost intelligence.
105396 | Hell     | Killed from afar by a Hell Sentinel

Illustrated notes

Levels and vault maps discovered:
D:1:      lightli_arrival_boilingwater, layout_loops_cross, serial_forest,
          infiniplex_forest_split, infiniplex_forest_straight_3,
          infiniplex_forest_clump_tiny, infiniplex_forest_end_2,
          infiniplex_forest_clump_diagonal, infiniplex_forest_fountain
D:2:      layout_rooms, minmay_tromino_i4
D:3:      layout_loops_ring, nicolae_uskayaw_en_pointe,
          nicolae_ashenzari_panopticon, chequers_temple_overflow_minitemple,
          shapermc_ecumenical_altar_ellora
D:4:      layout_cave_pools, grunt_temple_overflow_magic_moments, serial_glass,
          glass_columns_a, glass_columns_c
D:5:      layout_rooms, lemuel_coloured_pillars_altar,
          nicolae_ru_great_annihilating_truth, minmay_temple_entry_stoned_glass,
          serial_shops, shop, hangedman_decor_push, uniq_ijyb
D:6:      layout_loops_ring, marbit_many_paths
D:7:      layout_basic, mainiacjoe_overflow_small_starburst, enter_bailey_3
D:8:      layout_cave_pools, overflow_temple_1_default, lair_entry_dummy,
          uniq_gastronok
D:9:      minmay_the_grid_square_5x5_3x3 [minmay_the_grid_square_5x5_bite,
          minmay_the_grid_square_5x5_three_small,
          minmay_the_grid_square_5x5_fancy_junction,
          minmay_the_grid_square_5x5_one_wall,
          minmay_the_grid_square_5x5_megaprize_crossed,
          minmay_the_grid_square_5x5_misaligned, minmay_the_grid_square_5x5_c,
          minmay_the_grid_square_5x5_longway, minmay_the_grid_square_5x5_tie],
          layout_layer_cave, nicolae_tso_carved_into_rock
D:10:     layout_rooms, kennysheep_little_box, serial_bayou_pond_a
D:11:     kennysheep_seaside_town, layout_rooms,
          kennysheep_orc_monster_closet_entryway
D:12:     layout_gridville, special_room [special_room_bee], uniq_snorg
D:13:     dreamdust_isle_of_ice, layout_long_grid, grunt_vaults_entry_tiered
D:14:     layout_basic, nicolae_qazlal_general_emergency
D:15:     gammafunk_enter_depths_forms, layout_loops_cross, serial_shops,
          nicolae_shop_advertising_works [nicolae_subvault_shop_adworks],
          hangedman_decor_growths
Lair:1:   layout_regular_city, portal_ice_cave_entry_imps
Lair:2:   layout_layer_cave, minmay_snake_entry_guardpost_small,
          minmay_hedge_maze, nzn_masters_of_martial_movement, lemuel_fruit_tree
Lair:3:   layout_loops_ring, swamp_mist, eino_small_chamber_without_monster,
          st_stairs_8, grunt_megastairs_2
Lair:4:   lemuel_reptile_caves, layout_cellular_growth
Lair:5:   minmay_lair_end_enchanted_forest, layout_long_grid,
          minmay_slime_entry_pillars, enter_volcano_3, uniq_kirke
Swamp:1:  layout_basic_swamp, ebering_ghost_rock_garden,
          nicolae_swamp_very_dense_foliage, infiniplex_staircase_pool
Swamp:2:  layout_basic_swamp, evilmike_swamp_ruin_rubble_1,
          infiniplex_staircase_pool_2
Swamp:3:  layout_basic_swamp, evilmike_swamp_ruin_house_2
Swamp:4:  swamp_pestilence, layout_basic_swamp
Snake:1:  layout_layer_cave, serial_bayou_shore_b, grunt_megastairs_1
Snake:2:  layout_basic, serial_shops, shop, ebering_ghost_xom,
          nicolae_snake_shapes, uniq_donald
Snake:3:  nicolae_aizul_guard, layout_misc_corridors
Snake:4:  grunt_snake_rune_spirals, layout_concentric_octagons, drop_trap
Slime:1:  layout_caves, cheibrodos_slime_lost_civilization_5
Slime:2:  layout_caves, nicolae_slime_ancient_tower_intersection,
          nicolae_slime_crime_time
Slime:3:  layout_caves
Slime:4:  layout_caves
Slime:5
Orc:1:    hellmonk_paralyzer, layout_caves, minmay_orc_temple_c, uniq_erolcha
Orc:2:    st_orc_ogre_mass, layout_caves, basic_altar, nicolae_alphabet_shops,
          lightli_orcish_oven
Elf:1:    eino_elf_arrival_the_gate, layout_loops_corners, special_room
          [special_room_orc], serial_shops, nicolae_shop_industrial_runoff,
          evilmike_minifort, lemuel_upstairs_altar
Elf:2:    elven_hall_of_blades_hangedman_original
          [nicolae_blade_entry_crossed_weapons], layout_loops_corners,
          lemuel_elevator
Elf:3:    grunt_elf_hall_diamonds, layout_loops_cross, gammafunk_ghost_ooze
Vaults:1: nicolae_vaults_tetromino_L_2, nicolae_vaults_surprise_closet_hard,
          nicolae_vaults_offset_grid_hallway_4, hangedman_vaults_slither,
          vaults_room_pools, nicolae_vaults_tetromino_L_2,
          nicolae_vaults_cornered_office, nicolae_vaults_shelves_hall,
          grunt_vaults_twisty, nicolae_vaults_little_squares_2,
          nicolae_vaults_double_plus_2, hangedman_vaults_trim,
          nicolae_vaults_taking_the_gang_shopping, layout_vaults_big_cross,
          nicolae_trove_entry_isolated, uniq_zenata, uniq_aizul
Vaults:2: hangedman_vaults_stagger, nicolae_vaults_three_branches,
          hangedman_vaults_trim, v_misc_9, layout_vaults_omnigrid
Vaults:3: gammafunk_ghost_spectres, vaults_dpeg_encased_lava,
          hangedman_vaults_impose, blue_anna_dwarven_crypt,
          vaults_room_fancy_cross, vaults_mumra_minichess_inversion,
          nicolae_vaults_tangram_2, nicolae_vaults_six-pack,
          vaults_dpeg_diagonal, vaults_room_fours, nicolae_vaults_sightless_eye,
          ontoclasm_vaults_decontamination, nicolae_vaults_apartment_1,
          nicolae_vaults_tetromino_L_1, ontoclasm_vaults_chip,
          layout_vaults_chaotic_city, uniq_asterion
Vaults:4: portal_desolation_entry_nicolae_slug, v_misc_27,
          nicolae_vaults_network_star, nicolae_vaults_storage_room_doors,
          nicolae_vaults_closet_pinwheel_2, v_misc_15,
          ontoclasm_vaults_ring_small, nicolae_vaults_diamond_2,
          nicolae_vaults_tetromino_T_1, v_misc_18, ontoclasm_vaults_misaligned,
          v_alt_pattern_1, v_misc_13, hangedman_vaults_locks, v_misc_24,
          grunt_vaults_hallway_short, v_pattern_3, layout_vaults_maze
Vaults:5: serial_shops, uniq_margery, uniq_mara, uniq_xtahua, uniq_bai_suzhen,
          uniq_jory
Depths:1: layout_twisted_cross, infiniplex_enter_wizlab_glasses,
          grunt_hell_entry_dis_grunt, fedhas_altar_1, minmay_misc_feat_x,
          guppyfry_shop_earth, minmay_shop_star, firewood_loft
Depths:2: cell_vault, layout_basic, nicolae_wwwww, grunt_pan_entry_in_and_out,
          hell_entry
Depths:3: minmay_strange_plus, layout_basic, serial_shops,
          nicolae_shop_hallway_plus, hell_entry, serial_corexii_hall,
          corexii_hall_statues_x, corexii_hall_statues_x,
          corexii_hall_statues_deadend, abyss_entry_small_statue_room,
          rand_demon_pan_entry_3
Depths:4: lemuel_castle_with_subvaults [lemuel_castle_interior_carwin_2],
          layout_basic, enter_ziggurat_a, grunt_hell_entry_demonic_statue,
          serial_bayou_shore_a, serial_bayou_shore_b, uniq_vv
Hell
Dis:1:    layout_overlapping_boxes, lemuel_mystery_crypt
Dis:2:    layout_gridville, glass_columns_a
Dis:3:    layout_regular_city
Dis:4:    layout_gridville
Dis:5:    layout_regular_city, nicolae_dis_step_into_the_octagon
Dis:6:    layout_jigsaw
Dis:7:    iron_city_of_dis [dis_old, dis_wall_6], layout_gridville
Geh:1:    layout_gehenna_pools_basic
Geh:2:    layout_gehenna_pools_box
Geh:3:    layout_gehenna_pools_triple
Geh:4:    layout_gehenna_pools_box
Geh:5:    layout_gehenna_lava_caves, nicolae_hells_hurtin_island
Geh:6:    layout_gehenna_lava_caves
Geh:7:    geh_old
Coc:1:    layout_ice_bergs
Coc:2:    layout_cocytus_water_paths
Coc:3:    nicolae_coc_icebeans_plural [nicolae_sub_coc_subbean,
          nicolae_sub_coc_subbean, nicolae_sub_coc_subbean,
          nicolae_sub_coc_subbean], layout_cocytus_delve
Coc:4:    layout_ice_bergs
Coc:5:    layout_cocytus_water_paths
Coc:6:    layout_ice_bergs
Coc:7:    coc_old
Tar:1:    layout_grid_maze
Tar:2:    layout_catacombs, nicolae_tar_honey_chapel
Tar:3:    layout_cathedral_of_symmetry
Tar:4:    layout_cathedral_of_symmetry
Tar:5:    layout_grid_maze
Tar:6:    layout_catacombs
Tar:7:    tar_minmay_river
Zot:1:    layout_gridlike, lemuel_baited_zot_trap
Zot:2:    layout_basic
Zot:3:    layout_onion, grunt_megastairs_5
Zot:4:    layout_misc_corridors
Zot:5:    layout_basic

Skill      XL: |  1  2  3  4  5  6  7  8  9 10 11 12 13 14 15 16 17 18 19 20 21 22 23 24 25 26 27 |
---------------+----------------------------------------------------------------------------------+-----
Shields        | 4 5 6 7 8 9 11 12 13 15 17 18 20 21 22 23 24 26 27 | 27.0
Long Blades    | 3 4 5 6 7 |  7.0
Armour         | 4 5 6 7 8 12 15 16 18 19 20 21 22 23 24 27 | 27.0
Fighting       | 4 5 6 7 8 9 11 14 17 18 19 20 21 22 23 25 26 27 | 27.0
Polearms       | 4 6 7 |  7.8
Evocations     | 1 2 3 27 | 27.0
Maces & Flails | 2 8 11 13 15 16 17 18 20 21 22 23 25 27 | 27.0
Throwing       | 1 3 5 25 | 25.5
Invocations    | 1 3 5 7 9 10 11 12 13 14 15 18 24 27 | 27.0
Dodging        | 1 27 | 27.0

Action                     |  1- 3 |  4- 6 |  7- 9 | 10-12 | 13-15 | 16-18 | 19-21 | 22-24 | 25-27 || total
---------------------------+-------+-------+-------+-------+-------+-------+-------+-------+-------++-------
  Melee: Long sword        |    91 |   179 |    69 |       |       |       |       |       |       ||   339
         Headbutt          |     9 |    29 |    68 |    99 |   204 |   298 |   478 |   552 |  2407 ||  4144
         Spear             |       |       |   361 |   133 |       |       |       |       |       ||   494
         Morningstar       |       |       |       |   335 |   936 |   492 |       |       |       ||  1763
         Eveningstar       |       |       |       |       |       |   810 |  1628 |  1556 |  4821 ||  8815
         Unarmed           |       |       |       |       |       |       |       |       |    16 ||    16
         Sacred scourge    |       |       |       |       |       |       |       |       |  2768 ||  2768
  Throw: Dart              |       |       |     6 |     8 |       |       |       |     1 |       ||    15
         Javelin           |       |       |       |       |       |       |       |       |    11 ||    11
 Invoke: Upheaval          |       |       |       |     3 |       |     3 |       |     3 |       ||     9
         Elemental Force   |       |       |       |     1 |     1 |       |       |       |       ||     2
         Disaster Area     |       |       |       |       |       |     2 |       |    10 |    15 ||    27
  Evoke: Wand              |       |       |     1 |     3 |       |     1 |     1 |       |     2 ||     8
         Box of beasts     |       |       |       |       |       |       |       |     1 |       ||     1
    Use: Scroll            |       |     3 |     4 |    17 |     8 |    12 |     2 |     5 |    20 ||    71
         Potion            |       |       |       |     3 |     3 |    14 |     5 |    18 |    45 ||    88
   Stab: Paralysed         |       |       |     1 |       |       |       |       |       |       ||     1
         Distracted        |       |       |       |     1 |     7 |     2 |       |       |     1 ||    11
         Confused          |       |       |       |       |       |       |       |       |     2 ||     2
 Armour: Scale mail        |    40 |       |       |       |       |       |       |       |       ||    40
         Plate armour      |    35 |   109 |   162 |   304 |   331 |   409 |   228 |       |       ||  1578
         Skin              |       |       |    18 |       |       |     1 |       |       |     1 ||    20
         Gold dragon scale |       |       |       |       |       |       |   318 |   154 |       ||   472
         Crystal plate arm |       |       |       |       |       |       |       |   361 |  1781 ||  2142
  Dodge: Dodged            |    57 |    70 |    94 |   193 |   219 |   245 |   202 |   246 |  1554 ||  2880
         Repelled          |       |       |       |     4 |     6 |    33 |    10 |    19 |   116 ||   188
  Block: Buckler           |    33 |    48 |   133 |   282 |   238 |       |       |       |       ||   734
         Tower shield      |       |       |       |       |   526 |  1479 |  1500 |  1899 |  8120 || 13524
         Other             |       |       |       |       |       |       |       |       |     6 ||     6
